 Dungeon Crawl Stone Soup version 0.32-a0-913-g739538afd8 (webtiles) character file.

Game seed: 16385110121823137322

2 jasper the Firebug (level 1, 0/14 HPs)
             Began as a Mountain Dwarf Fire Elementalist on Apr 7, 2024.
             Slain by a jackal (1 damage)
             ... on level 1 of the Dungeon.
             The game lasted 00:01:04 (35 turns).

jasper the Firebug (Mountain Dwarf Fire Elementalist) Turns: 35, Time: 00:01:05

Health: 0/14       AC:  2    Str: 10    XL:     1   Next: 25%
Magic:  0/3        EV: 10    Int: 15    God:
Gold:   0          SH:  0    Dex: 10    Spells: 2/3 levels left

rFire   . . .        (no weapon)
rCold   . . .        (no shield)
rNeg    . . .        a - +0 robe
rPois   .            (no helmet)
rElec   .            (no cloak)
rCorr   .            (no gloves)
SInv    .            (no boots)
Will    .....        (no amulet)
Stlth   ++           (no ring)
HPRegen 0.22/turn    (no ring)
MPRegen 0.08/turn

%: no passive effects
@: very slightly contaminated
A: runic magic, artefact enchanting
a: no special abilities


You were on level 1 of the Dungeon.
You visited 1 branch of the dungeon, and saw 1 of its levels.

Inventory:

Armour
 a - a +0 robe (worn)


   Skills:
 + Level 0.1 Fighting
 - Level 1.3 Dodging
 - Level 1.4 Stealth
 + Level 1.8 Spellcasting
 + Level 0.9 Conjurations
 * Level 3.7 Fire Magic


You had 2 spell levels left.
You knew the following spells:

 Your Spells              Type           Power      Damage    Failure   Level
a - Foxfire               Conj/Fire      32%        2x1d5     9%          1

Your spell library contained the following spells:

 Spells                   Type           Power      Damage    Failure   Level
 Scorch                   Fire           24%        2d6       8%          2
 Inner Flame              Hex/Fire       6%         N/A       32%         3
 Volatile Blastmotes      Fire/Tloc      12%        2d11      32%         3
 Flame Wave               Conj/Fire      8%         2d5       65%         4


Dungeon Overview and Level Annotations

Branches:
Dungeon (1/15)

Altars:


Innate Abilities, Weirdness & Mutations

Your spellcasting is much less encumbered by armour.
You can use scrolls of enchantment on lesser artefacts.


Message History

The bat barely misses you. The jackal misses you. The bat closely misses you.
The jackal bites you but does no damage.
The bat closely misses you.
Casting: Foxfire (safe; 9% risk of failure)
Press: ? - help, Q - select action Dir - look around, f - activate You miscast Foxfire.
You are very lightly contaminated with residual magic.
Nothing appears to happen.
The bat misses you.
The jackal bites you but does no damage.
You now have 0/3 mp.
The jackal bites you.
You take 1 damage, and have 5/14 hp.
You closely miss the jackal.
The jackal is moderately wounded.
The bat hits you but does no damage. The jackal closely misses you.
The bat misses you. The jackal barely misses you.
You barely miss the jackal.
The jackal is lightly wounded.
The bat hits you. The jackal closely misses you.
You take 1 damage, and have 5/14 hp.
You hit the jackal but do no damage.
The jackal is lightly wounded.
The bat closely misses you. The jackal bites you.
* * * LOW HITPOINT WARNING * * *
You take 3 damage, and have 2/14 hp.
MASSIVE DAMAGE!!
A quokka comes into view.
The jackal attacks as it pursues you! The jackal bites you.
* * * LOW HITPOINT WARNING * * *
The jackal closely misses you.
You take 1 damage, and have 1/14 hp.
You aren't carrying any potions.
You aren't carrying any scrolls.
You don't have enough magic to cast this spell.
You don't have enough magic to cast this spell.
You closely miss the jackal.
The jackal is lightly wounded.
The jackal bites you.
You die...

###...###...#
##...####.....
##..#####...<..
##..## #.......
##[.##
#........
##..##
#......#..
#b.##
......###.
##h## .....# ##
#.@# ....# #.##
?..# .r. .#
#.##. .. #. ..
## .


You could see a quokka, a jackal and a bat.

Vanquished Creatures
  A jackal (D:1)
  A bat (D:1)
2 creatures vanquished.

Vanquished Creatures (others)
  5 foxfires (D:1)
5 creatures vanquished.

Grand Total: 7 creatures vanquished

Notes
Turn   | Place    | Note
-------+----------+-------------------------------------------
     0 | D:1      | jasper the Mountain Dwarf Fire Elementalist began the quest
                  | for the Orb.
     0 | D:1      | Reached XP level 1. HP: 14/14 MP: 3/3
    35 | D:1      | Slain by a jackal

Illustrated notes

Levels and vault maps discovered:
D:1:      dpeg_arrival_central, layout_loops_ring, serial_shops, shop,
          minmay_misc_feat_cross

Action                     || total
---------------------------++-------
  Melee: Unarmed           ||     5
   Cast: Foxfire           ||     5
    Use: Potion            ||     1
 Armour: Robe              ||    18
  Dodge: Dodged            ||    23

Table legend: (Time is in decaauts)
 A = Elapsed time spent in this place.
 B = Non-inter-level travel time spent in this place.
 C = Inter-level travel time spent in this place.
 D = Time resting spent in this place.
 E = Time spent auto-exploring this place.
 F = Levels seen in this place.
 G = Mean time per level.
                   A        B        C        D        E       F      G
               +--------+--------+--------+--------+--------+-----+--------+
         Total |     35 |     35 |      0 |      0 |      1 |   1 |   35.0 |
       Dungeon |     35 |     35 |      0 |      0 |      1 |   1 |   35.0 |
               +--------+--------+--------+--------+--------+-----+--------+

Top non-repeatable levels by time:
     D:1: 35 daAuts
